 Dungeon Crawl Stone Soup version 0.17-a0-1882-g750edc8 (webtiles) character file.

27 wvc the Insei (level 3, -2/23 HPs)
             Began as an Octopode Transmuter on Sept 22, 2015.
             Slain by a worm (11 damage)
             ... on level 2 of the Dungeon.
             The game lasted 00:02:04 (1071 turns).

wvc the Insei (Octopode Transmuter)                 Turns: 1071, Time: 00:02:04

Health: -2/23      AC:  1    Str:  9    XL:     3   Next: 10%
Magic:  5/7        EV: 12    Int: 16    God:
Gold:   89         SH:  0    Dex: 12    Spells: 2 memorised, 4 levels left

rFire  . . .     SeeInvis .       - Unarmed
rCold  . . .     Clarity  .     (no shield)
rNeg   . . .     SustAt   .     (helmet restricted)
rPois  .         Gourm    .     (no amulet)
rElec  .         Spirit   .     (no ring)
rCorr  .         Warding  .     (no ring)
rMut   .         Stasis   .     (no ring)
MR     .....                    (no ring)
Stlth  ++........               (no ring)
                                (no ring)
                                (no ring)
                                (no ring)

@: appendage (expiring), flying, not resistant to hostile enchantments,
unstealthy
A: almost no armour, amphibious, 8 rings, constrict 8, tentacle spike 3,
camouflage 1, gelatinous body 1
a: End Transformation


You were on level 2 of the Dungeon.
You were not hungry.
One of your tentacles had a temporary spike.
You visited 1 branch of the dungeon, and saw 2 of its levels.

You collected 89 gold pieces.

Inventory:

Missiles
 a - 12 arrows
 p - 37 stones (quivered)
Scrolls
 d - a scroll of random uselessness {unknown}
 e - a scroll of blinking {unknown}
 h - a scroll of identify {unknown}
 l - a scroll of immolation {unknown}
 m - a scroll of fear {unknown}
 n - a scroll of enchant armour {unknown}
Potions
 i - a potion of mutation {unknown}
 j - a potion of magic {unknown}
 k - a potion of flight
Books
 b - a book of Changes

   Spells                             Type                      Level
   a - Beastly Appendage              Transmutation                1
   b - Sticks to Snakes               Transmutation                2
   c - Spider Form                    Transmutation/Poison         3
   d - Ice Form                       Ice/Transmutation            4
   e - Blade Hands                    Transmutation                5
Comestibles
 c - 3 bread rations
 f - a meat ration


   Skills:
 - Level 1.0 Fighting
 - Level 2.0 Dodging
 - Level 3.0 Unarmed Combat
 + Level 2.7 Spellcasting
 * Level 2.7 Transmutations


You had 4 spell levels left.
You knew the following spells:

 Your Spells              Type           Power        Failure   Level  Hunger
a - Beastly Appendage     Trmt           ##....       10%         1    #......
b - Sticks to Snakes      Trmt           ##........   12%         2    ##.....


Dungeon Overview and Level Annotations

Branches:
Dungeon (2/15)

Altars:


Innate Abilities, Weirdness & Mutations

You cannot wear most types of armour.
You are amphibious.
You can wear up to eight rings at the same time.
You can use your tentacles to constrict eight enemies at once.
Your skin changes colour to match your surroundings (Stealth).
Your rubbery body absorbs attacks (AC +1).
One of your tentacles bears a large vicious spike.


Message History

You constrict the jackal. The jackal barely misses you.
You tentacle-slap the jackal.
You pierce the jackal.
You kill the jackal!
You barely miss the rat. Your grab misses the rat. Your squeeze misses the rat.
The rat barely misses you.
You tentacle-slap the rat.
You kill the rat!
The worm bites you but does no damage.
You see here a rat corpse.
You barely miss the worm. You grab the worm.
Your transformation is almost over.
You constrict the worm. The worm closely misses you.
You completely miss the worm.
You pierce the worm.
The worm is lightly wounded.
You constrict the worm.
You tentacle-slap the worm but do no damage.
You pierce the worm, but do no damage.
The worm is lightly wounded.
You constrict the worm. The worm bites you!
You die...

##........# ...
##........# #.#
########### #.#
######### #w#
........# #.# #
#######.# #†# .#
# #.# #.#..# #
#.# ######....#
# #.#
#...@w...## ####
#.#####.########
...# #.......#
##.############
.........#
####.....#
#.....# #.....#
####.....#


You could see a worm.

Vanquished Creatures
  A giant gecko (D:1)
  5 bats
  A giant cockroach (D:1)
  A goblin (D:2)
  A hobgoblin (D:1)
  3 jackals (D:2)
  3 kobolds (D:1)
  A ball python (D:1)
  2 giant newts
  9 rats
27 creatures vanquished.

Notes
Turn   | Place    | Note
--------------------------------------------------------------
     0 | D:1      | wvc the Octopode Transmuter began the quest for the Orb.
     0 | D:1      | Reached XP level 1. HP: 13/13 MP: 3/3
   282 | D:1      | Reached XP level 2. HP: 18/18 MP: 3/5
   491 | D:1      | Learned a level 2 spell: Sticks to Snakes
  1049 | D:2      | Reached XP level 3. HP: 8/23 MP: 4/7
  1071 | D:2      | Slain by a worm

Vault maps used:
D:1:      minmay_arrival_pointy, minmay_door_square
D:2:      serial_bayou_lake_a

Action                   || total
-------------------------++-------
Melee: Unarmed           ||    75
 Cast: Beastly Appendage ||    15
  Use: Potion            ||     2
 Stab: Sleeping          ||     3
  Eat: Chunk             ||     1
